Map: Hard Lead LE

Players

Xdaff - Winner!

  • Race: Terran Terran
  • League: Diamond
  • Spawn Location: 5:00

demzi

  • Race: Zerg Zerg
  • League: Diamond
  • Spawn Location: 11:00

VOD

Have the link to the VOD?

Description

Time

  • Played on: March 24, 2024, 12:01 p.m.
  • Length: 22:12
Show
View Real Time Build Order
Export as new Build Order

Xdaff Terran - Winner!

Build Orders: 2 Factory, Mech 

Get SALT Encoding   

  12  0:03  SCV  
  13  0:15  SCV  
  14  0:27  SCV  
  14  0:28  Supply Depot  
  15  0:49  SCV  
  16  0:52  Barracks  
  16  0:56  Refinery  
  16  1:01  SCV  
  17  1:14  SCV  
  18  1:26  SCV  
  18  1:31  Command Center  
  19  1:38  Marine  
  20  1:42  Orbital Command  
  20  1:58  Marine  
  21  2:10  Factory  
  21  2:19  Marine  
  22  2:30  SCV  
  23  2:39  Barracks Reactor  
  23  2:45  Command Center  
  22  2:52  Bunker  
  22  2:58  Factory  
  22  3:04  Orbital Command  
  22  3:07  SCV  
  23  3:23  Hellion x2  
  27  3:28  SCV  
  27  3:32  SCV  
  27  3:33  Marine  
  30  3:40  SCV  
  30  3:41  Refinery  
  31  3:43  Factory Tech Lab  
  31  3:44  SCV  
  31  3:48  Bunker  
  32  3:51  Marine  
  32  3:52  SCV  
  34  4:00  Orbital Command  
  34  4:04  SCV  
  34  4:05  SCV  
  36  4:22  Hellion x2  
  36  4:23  Siege Tank  
  43  4:26  SCV x2  
  43  4:27  SCV  
  43  4:29  Refinery  
  46  4:38  SCV x2  
  48  4:42  SCV  
  48  4:43  Infernal Pre-Igniter  
  49  4:50  SCV  
  49  4:51  Hellion  
  52  4:53  Factory  
  52  4:58  Armory  
  52  5:01  Supply Depot  
  52  5:12  SCV  
  53  5:19  Refinery  
  53  5:23  Siege Tank, Hellion x2, SCV  
  61  5:28  Supply Depot  
  61  5:42  Factory Tech Lab, Supply Depot  
  61  5:50  SCV x3  
  62  6:02  Siege Tank x2, Hellion x2, SCV  
  67  6:06  SCV  
  67  6:10  Command Center  
  67  6:11  Supply Depot  
  66  6:14  Supply Depot  
  66  6:15  Smart Servos  
  66  6:21  Factory  
  66  6:23  SCV x2  
  68  6:30  SCV  
  68  6:31  Terran Vehicle Weapons Level 1  
  69  6:34  Engineering Bay  
  69  6:37  Siege Tank  
  72  6:42  SCV x3  
  77  6:47  Hellion  
  77  6:49  Hellion  
  79  7:06  Hellion  
  79  7:07  Factory Tech Lab  
  81  7:11  Starport  
  81  7:16  Factory, Supply Depot  
  81  7:17  SCV  
  81  7:18  SCV x2  
  84  7:24  Missile Turret  
  84  7:27  Missile Turret  
  84  7:28  Orbital Command, Hi-Sec Auto Tracking, Drilling Claws  
  84  7:29  SCV  
  85  7:30  Siege Tank, SCV  
  90  7:38  Orbital Command  
  90  7:39  Supply Depot  
  90  7:42  SCV x2  
  91  7:49  Starport Reactor  
  91  7:52  Sensor Tower  
  91  7:55  SCV x3  
  94  8:07  SCV  
  94  8:08  Factory Tech Lab, Refinery  
  94  8:09  Siege Tank  
  98  8:14  Factory, SCV x3  
  98  8:15  Refinery  
  101  8:20  Siege Tank  
  104  8:29  SCV x3  
  104  8:30  SCV  
  100  8:47  Hellion x4  
  104  8:50  Medivac x2  
  104  8:55  Factory  
  106  9:00  Factory Tech Lab  
  106  9:04  Command Center x2  
  106  9:05  Siege Tank  
  106  9:07  Widow Mine  
  106  9:08  Widow Mine  
  113  9:15  Missile Turret  
  113  9:19  Missile Turret  
  113  9:20  Widow Mine x2  
  117  9:24  Thor  
  123  9:32  Supply Depot  
  123  9:33  Terran Vehicle Weapons Level 2  
  123  9:36  Supply Depot  
  123  9:39  Supply Depot  
  123  9:40  Supply Depot  
  123  9:46  Orbital Command  
  123  9:54  Hellbat x2, Hellion  
  123  9:58  Thor  
  135  10:00  Thor  
  135  10:01  Factory Tech Lab  
  135  10:02  Sensor Tower  
  141  10:07  Supply Depot  
  141  10:09  Hellion x7, Supply Depot  
  141  10:11  SCV  
  141  10:12  Supply Depot, SCV x3  
  141  10:13  Hellion  
  149  10:14  Hellion  
  149  10:17  Hellion  
  151  10:24  Siege Tank x2  
  151  10:25  Siege Tank  
  160  10:50  Orbital Command x2  
  160  10:55  Siege Tank x2  
  160  10:56  Hellion x3  
  172  10:57  Hellion  
  148  11:20  Hellion  
  148  11:21  Hellion x5  
  160  11:26  SCV  
  160  11:27  SCV x5  
  160  11:30  Refinery x2  
  166  11:36  Hellion  
  166  11:37  Hellion  
  166  11:38  Sensor Tower, SCV  
  166  11:39  SCV x2  
  173  11:42  Hellion x5  
  173  11:45  Armory  
  183  11:47  Armory  
  183  11:55  Command Center  
  183  12:03  Widow Mine x2  
  183  12:04  Thor, Hellion  
  187  12:49  Thor x2  
  199  12:54  Hellion x13  
  197  13:01  Starport  
  197  13:05  Starport  
  182  13:07  Starport  
  182  13:12  Siege Tank x4  
  185  13:13  Hellion x2  
  189  13:32  Hellion x2  
  181  13:44  Siege Tank x3  
  181  13:45  Hellion x8  
  188  13:56  Starport Tech Lab  
  188  13:57  Starport Tech Lab x2  
  188  14:03  Terran Ship Weapons Level 1, Terran Vehicle And Ship Armor Level 1, Terran Vehicle Weapons Level 3  
  188  14:04  Fusion Core  
  188  14:10  Siege Tank x3  
  195  14:30  Hellion x8  
  193  14:47  Command Center  
  193  14:50  Command Center  
  193  15:20  Hyperflight Rotors  
  191  15:24  Hellion x5  
  193  15:36  Orbital Command  
  193  15:41  Cloaking Field  
  193  15:45  Starport  
  193  15:47  Starport  
  193  15:52  Starport  
  193  15:53  Weapon Refit  
  193  15:56  Neosteel Armor  
  186  16:07  Refinery  
  186  16:09  Planetary Fortress, Refinery  
  186  16:19  Command Center  
  186  16:21  Command Center  
  186  16:24  Starport Tech Lab  
  186  16:25  Starport Tech Lab  
  181  16:59  Planetary Fortress  
  181  17:02  Battlecruiser  
  181  17:03  Battlecruiser x2  
  181  17:04  Starport Tech Lab  
  199  17:13  Sensor Tower  
  191  17:24  Hellion  
  191  17:25  Hellion x6  
  199  17:35  Terran Ship Weapons Level 2, Terran Vehicle And Ship Armor Level 2  
  177  18:09  Refinery  
  177  18:10  Battlecruiser x3  
  177  18:11  Refinery  
  175  18:28  Battlecruiser x3  
  174  19:04  Command Center  
  174  19:05  Command Center  
  174  19:07  Planetary Fortress  
  174  19:14  Battlecruiser  
  174  19:15  Battlecruiser  
  177  19:25  Battlecruiser  
  177  19:26  Refinery  
  183  19:32  Command Center x2  
  171  19:43  Battlecruiser  
  171  19:44  Battlecruiser  
  177  20:01  Battlecruiser  
  177  20:19  Battlecruiser  
  183  20:31  Battlecruiser x2  
  183  20:47  Orbital Command x2  
  183  20:52  Orbital Command x2  
  183  21:02  Battlecruiser  
  183  21:03  Battlecruiser  
Show
View Real Time Build Order
Export as new Build Order

demzi Zerg 

Build Orders: Hatch First, Swarm Host 

Get SALT Encoding   

  12  0:00  Drone  
  13  0:13  Overlord  
  13  0:16  Drone  
  14  0:31  Drone x2  
  16  0:49  Hatchery  
  15  0:52  Drone  
  15  0:56  Drone  
  17  0:59  Drone  
  18  1:05  Extractor  
  17  1:16  Spawning Pool  
  16  1:19  Drone  
  16  1:22  Drone  
  18  1:29  Drone  
  19  1:40  Drone  
  20  1:50  Overlord  
  20  2:03  Queen x2  
  20  2:05  Zergling x4  
  26  2:20  Overlord  
  26  2:22  Drone  
  27  2:23  Overlord  
  27  2:24  Drone  
  28  2:33  Metabolic Boost  
  28  2:36  Drone x2  
  30  2:43  Queen  
  32  2:46  Drone  
  32  2:50  Drone  
  33  2:55  Drone x2  
  35  3:13  Hatchery  
  35  3:14  Drone x3  
  37  3:22  Queen  
  37  3:26  Drone  
  40  3:27  Drone  
  40  3:29  Drone x3  
  44  3:35  Overlord  
  44  3:43  Lair  
  44  3:45  Overlord  
  44  3:47  Overlord  
  44  3:59  Zergling x12  
  50  4:05  Overlord  
  50  4:13  Evolution Chamber  
  50  4:15  Evolution Chamber  
  48  4:18  Baneling Nest  
  48  4:20  Extractor  
  48  4:21  Drone x2  
  48  4:22  Drone x4  
  48  4:23  Drone, Extractor  
  52  4:30  Drone x2  
  54  4:34  Drone  
  55  4:54  Hydralisk Den  
  55  4:56  Zerg Melee Weapons Level 1  
  54  5:01  Drone x14  
  68  5:10  Queen  
  70  5:14  Spore Crawler  
  69  5:24  Spore Crawler  
  69  5:28  Spore Crawler  
  67  5:29  Drone x3  
  67  5:32  Extractor, Drone x2  
  67  5:33  Extractor  
  70  5:36  Drone x4  
  70  5:38  Overlord x2  
  70  5:42  Zerg Ground Armor Level 1  
  74  5:44  Centrifugal Hooks  
  74  5:46  Muscular Augments  
  66  6:02  Hydralisk  
  66  6:03  Hydralisk  
  68  6:25  Drone x2  
  69  6:26  Drone  
  69  6:27  Overlord x3  
  69  6:30  Zergling x2  
  69  6:31  Zergling x16  
  80  6:49  Overlord x3  
  80  6:52  Zerg Melee Weapons Level 2  
  80  6:53  Grooved Spines  
  80  6:55  Hydralisk x3  
  80  6:56  Hydralisk  
  80  7:00  Baneling  
  80  7:01  Baneling, Hatchery  
  87  7:04  Drone x3  
  87  7:05  Drone x3, Extractor  
  87  7:06  Drone  
  93  7:47  Hydralisk  
  93  7:48  Hydralisk x8  
  93  7:49  Hydralisk  
  93  7:51  Zergling x16  
  114  7:52  Zergling x6  
  124  8:10  Overlord x5  
  124  8:16  Drone x7  
  124  8:19  Overlord  
  131  8:20  Overlord x2  
  131  8:22  Zergling x4  
  125  8:41  Overseer  
  119  8:42  Overseer  
  115  8:50  Hydralisk x12  
  115  8:51  Hydralisk  
  115  8:53  Zergling x2  
  115  8:54  Zergling x10  
  146  8:58  Drone  
  146  9:01  Extractor  
  146  9:03  Drone x3  
  146  9:04  Extractor  
  146  9:07  Drone  
  146  9:09  Drone  
  150  9:12  Drone  
  151  9:24  Drone  
  151  9:25  Drone x8  
  151  9:30  Zergling x2  
  151  9:31  Zergling x6  
  164  9:34  Zerg Missile Weapons Level 1, Zerg Ground Armor Level 2  
  164  9:40  Infestation Pit  
  164  9:41  Zergling x2  
  164  9:42  Zergling x8  
  168  9:57  Zergling x2  
  168  9:58  Zergling x28  
  183  10:09  Baneling  
  183  10:10  Baneling x15  
  183  10:11  Baneling x12  
  183  10:13  Zergling x10  
  170  11:15  Zergling x2  
  170  11:16  Zergling x44  
  170  11:17  Zergling x10  
  138  11:25  Hydralisk  
  138  11:26  Hydralisk x3  
  138  11:29  Zerg Missile Weapons Level 2  
  146  11:41  Baneling  
  146  11:42  Baneling x22  
  146  11:43  Hydralisk x6, Baneling x7  
  158  11:47  Overlord x2  
  158  11:56  Hydralisk x2  
  158  11:57  Hydralisk x8  
  158  12:00  Zergling x6  
  158  12:01  Zergling x4  
  183  12:14  Zergling x2  
  183  12:15  Zergling x8  
  188  12:21  Hatchery  
  177  12:34  Drone x10  
  177  12:35  Drone x3  
  127  13:08  Hydralisk x4  
  127  13:09  Hydralisk x17  
  132  13:19  Drone x2  
  132  13:20  Drone x3  
  132  13:21  Drone  
  136  13:28  Hive  
  134  13:38  Hydralisk  
  134  13:39  Hydralisk x5  
  134  13:41  Queen  
  132  13:45  Zergling x2  
  132  13:46  Zergling x20  
  145  14:06  Zergling x18  
  154  14:20  Hydralisk  
  154  14:23  Zergling x14  
  154  14:24  Zergling x4  
  161  14:54  Drone x3  
  161  14:58  Swarm Host x6  
  161  14:59  Swarm Host x5  
  197  15:15  Extractor x2  
  186  16:09  Zerg Missile Weapons Level 3, Zerg Ground Armor Level 3  
  186  16:11  Hydralisk x2  
  186  16:12  Hydralisk x4  
  186  16:15  Baneling  
  186  16:16  Baneling x14  
  189  17:05  Burrow  
  175  17:50  Hydralisk  
  175  17:51  Hydralisk x22  
  126  17:52  Hydralisk x12  
  184  17:59  Zergling x2  
  184  18:00  Zergling x30  
  176  18:32  Hydralisk x5  
  176  18:33  Hydralisk x6  
  139  18:49  Queen  
  139  18:53  Hydralisk  
  139  18:54  Hydralisk x8  
  145  19:07  Hydralisk  
  145  19:08  Hydralisk x7  
  160  19:17  Hydralisk  
  160  19:18  Hydralisk x5  
  170  19:37  Hydralisk  
  170  19:38  Hydralisk x10  
  178  19:51  Hydralisk x3  
  167  20:06  Zergling x20  
  167  20:07  Zergling x6  
  150  20:52  Hydralisk x2  
  150  20:53  Hydralisk x2  
  158  21:02  Drone  
  158  21:03  Drone x4  
  162  21:07  Hatchery  
  162  21:09  Hatchery  
  145  21:22  Hydralisk x2  
Tags
 
Add a new tag
Caveats
  • Supply blocks, unpowered buildings, or Contaminate may cause inaccurate times.
  • Supply counts are checked every 10 seconds.